Map: Lightshade LE

Players

A.I. 1 (Very Easy)

  • Race: Zerg Zerg
  • Spawn Location: 5:00

ancientone

  • Race: Terran Terran
  • Spawn Location: 11:00

VOD

Have the link to the VOD?

Description

Time

  • Played on: Nov. 5, 2020, 3:39 p.m.
  • Length: 8:16
Show
View Real Time Build Order
Export as new Build Order

A.I. 1 (Very Easy) Zerg 

Build Orders: Pool First 

Get SALT Encoding   

    1:23  Overlord  
    1:29  Drone x12  
    1:41  Unknown  
    1:43  Drone  
  13  1:49  Drone  
  14  1:58  Overlord  
  14  2:17  Drone x3  
  17  2:28  Drone  
  18  2:32  Spawning Pool  
  18  2:33  Extractor  
  16  2:38  Overlord  
  16  3:14  Extractor  
  15  3:20  Queen, Zergling x2  
  15  3:21  Roach Warren  
  17  3:40  Zergling x2  
  18  3:41  Drone  
  19  3:51  Drone  
  20  4:00  Zergling x2  
  20  4:02  Drone  
  22  4:13  Drone  
  23  4:24  Drone  
  24  4:27  Overlord  
  24  4:31  Drone  
  25  6:01  Roach, Drone  
  25  6:02  Overlord  
  27  6:05  Hatchery  
  27  6:07  Hatchery  
  27  6:08  Drone  
  26  6:15  Drone  
  27  6:23  Drone  
  28  6:30  Drone  
  29  6:37  Drone  
  28  6:44  Roach, Drone  
  31  6:51  Drone  
  32  7:27  Roach  
Show
View Real Time Build Order
Export as new Build Order

ancientone Terran 

Build Orders: Mech 

Get SALT Encoding   

    1:16  Orbital Command  
    1:29  SCV x12  
    1:45  SCV  
  13  1:59  SCV  
  14  2:05  Supply Depot  
  14  2:11  SCV  
  15  2:26  SCV  
  16  2:30  Barracks  
  16  2:36  Refinery  
  16  2:38  SCV  
  17  2:50  SCV  
  18  3:03  SCV  
  19  3:15  SCV  
  20  3:27  Command Center, Orbital Command  
  20  3:36  Barracks Reactor  
  20  3:46  Refinery  
  20  3:52  SCV  
  20  3:54  Supply Depot  
  21  4:05  SCV  
  22  4:11  Factory  
  22  4:17  SCV  
  23  4:29  SCV  
  24  4:32  Factory  
  24  4:33  Barracks Tech Lab  
  24  4:41  SCV  
  24  4:45  Orbital Command  
  25  4:53  SCV  
  26  5:05  SCV  
  27  5:13  SCV  
  28  5:15  Command Center  
  28  5:17  SCV  
  29  5:25  SCV  
  30  5:33  Hellion x2  
  30  5:35  Siege Tank  
  37  5:41  SCV x2  
  39  5:50  Factory  
  39  5:57  SCV x2  
  39  6:02  Hellion x2  
  45  6:09  SCV  
  46  6:12  Supply Depot  
  46  6:13  Supply Depot  
  46  6:15  Engineering Bay  
  46  6:22  Barracks Tech Lab  
  46  6:26  Siege Tank, SCV x2  
  51  6:38  SCV  
  52  7:02  Siege Tank x2  
  52  7:04  Hellion  
  52  7:05  Hellion  
  62  7:12  Armory  
  62  7:18  Supply Depot  
  62  7:22  SCV x2  
  64  7:24  Command Center  
  64  7:32  Refinery  
  64  7:35  Missile Turret  
  64  7:39  Siege Tank  
  64  7:42  Hellion x2  
  64  7:43  Hellion  
  73  7:49  Orbital Command  
Tags
 
Composition
Mech
Matchup
TvZ
Opening
Pool First
Spawn Locations
Cross Positions
Add a new tag
Caveats
  • Supply blocks, unpowered buildings, or Contaminate may cause inaccurate times.
  • Supply counts are checked every 10 seconds.